 Dungeon Crawl Stone Soup version 0.28-a0-1638-g9123634e07 (webtiles) character file.

Game seed: 12788481748081331460

10754 funkygono the Arsonist (level 11, -25/58 HPs)
             Began as a Gargoyle Fire Elementalist on Jan 25, 2022.
             Was a Believer of Vehumet.
             Annihilated by a boulder beetle (49 damage)
             ... on level 11 of the Dungeon.
             The game lasted 00:28:54 (15402 turns).

funkygono the Arsonist (GrFE)                      Turns: 15402, Time: 00:28:56

Health: -25/58     AC: 19    Str: 12    XL:     11   Next: 67%
Magic:  0/25       EV: 12    Int: 20    God:    Vehumet [**....]
Gold:   759        SH:  5    Dex: 10    Spells: 18/31 levels left

rFire   + + +      SeeInvis .   J - +2 flail (spect)
rCold   x . .      Faith    .   (no shield)
rNeg    + . .      Spirit   .   N - +2 leather armour {rF+}
rPois   ∞          Reflect  +   k - +2 helmet
rElec   +          Harm     .   I - +1 cloak
rCorr   .          Rampage  .   (no gloves)
Will    .....                   i - +0 pair of boots
Stlth   ++........              w - amulet of reflection
HPRegen 0.19/turn               r - ring of protection from fire
MPRegen 0.19/turn               g - ring of fire

@: no status effects
A: sickness immunity, AC +8, negative energy resistance 1, electricity
resistance, torment resistance 1, petrification resistance
a: Renounce Religion


You were on level 11 of the Dungeon.
You worshipped Vehumet.
Vehumet was pleased with you.
You visited 2 branches of the dungeon, and saw 12 of its levels.

You collected 759 gold pieces.

Inventory:

Hand Weapons
 d - a +0 whip of venom
 t - a +0 vampiric whip
 v - a +1 whip of draining
 z - the +6 hand axe of Blood-Lust {pain, rElec rC+ Will- Dex+5}
   (You found it on level 6 of the Dungeon)

   In the hands of one skilled in necromantic magic, it inflicts extra damage on
   living creatures.
   Dex:       It affects your dexterity (+5).
   rC:        It protects you from cold.
   rElec:     It insulates you from electricity.
   Will:      It decreases your willpower.
 J - a +2 spectral flail (weapon)
 T - a +3 morningstar
Missiles
 b - 343 stones (quivered)
Armour
 a - a +0 robe
 h - a +0 ring mail
 i - a +0 pair of boots (worn)
 k - a +2 helmet (worn)
 u - a +0 leather armour
 A - a +0 buckler
 C - the +7 plate armour of Lomnef {Int+3}
   (You found it on level 7 of the Dungeon)

   Int:       It affects your intelligence (+3).
 F - a +2 robe of willpower
 I - a +1 cloak (worn)
 L - a +0 troll leather armour
 M - +0 swamp dragon scales
 N - a +2 leather armour of fire resistance (worn)
Jewellery
 e - an amulet of magic regeneration
 g - a ring of fire (right hand)
 r - a ring of protection from fire (left hand)
 w - an amulet of reflection (around neck)
 X - an amulet of regeneration
 Z - a ring of ice
Wands
 y - a wand of paralysis (11)
 D - a wand of flame (7)
 K - a wand of mindburst (2)
 U - a wand of iceblast (4)
Scrolls
 p - 6 scrolls of teleportation
 E - a scroll of vulnerability
 P - a scroll of silence {unknown}
 Q - a scroll of magic mapping
 R - a scroll of summoning {unknown}
 S - 2 scrolls of identify
 V - a scroll of blinking
 W - a scroll of enchant armour
 Y - 3 scrolls of fear {unknown}
Potions
 c - 4 potions of brilliance
 f - 2 potions of flight
 l - 3 potions of mutation {unknown}
 m - 2 potions of attraction
 n - 2 potions of might {unknown}
 o - 3 potions of haste
 q - 6 potions of curing
 s - a potion of heal wounds
 x - 3 potions of lignification
 B - 2 potions of invisibility {unknown}
 G - a potion of magic {unknown}
 H - a potion of cancellation {unknown}
Miscellaneous
 O - a phial of floods


   Skills:
 + Level 2.5 Fighting
 + Level 2.7 Maces & Flails
 + Level 1.1 Armour
 + Level 3.4 Dodging
 - Level 2.1 Stealth
 + Level 1.3 Shields
 * Level 10.8 Spellcasting
 * Level 7.4 Conjurations
 * Level 11.3 Fire Magic


You had 18 spell levels left.
You knew the following spells:

 Your Spells              Type           Power      Damage    Failure   Level
a - Foxfire               Conj/Fire      100%       2x1d9     1%          1
b - Scorch                Fire           100%       2d10      1%          2
c - Conjure Flame         Conj/Fire      64%        6-21      1%          3
d - Flame Wave            Conj/Fire      64%        2d12      1%          4
e - Magic Dart            Conj           100%       1d8       1%          1
f - Searing Ray           Conj           80%        2d7       1%          2

Your spell library contained the following spells:

 Spells                   Type           Power      Damage    Failure   Level
 Poisonous Vapours        Pois/Air       20%        N/A       12%         2
 Inner Flame              Hex/Fire       50%        N/A       2%          3
 Ignite Poison            Fire/Tmut/Pois 38%        N/A       5%          3
 Apportation              Tloc           20%        N/A       9%          1
 Pain                     Necr           40%        1d6       9%          1
 Mephitic Cloud           Conj/Pois/Air  20%        N/A       9%          3
 Gell's Gravitas          Tloc           10%        N/A       24%         3
 Lesser Beckoning         Tloc           10%        N/A       24%         3
 Teleport Other           Tloc           10%        N/A       24%         3
 Freezing Cloud           Conj/Ice/Air   10%        6-21      63%         5
 Agony                    Necr           10%        N/A       92%         5
 Alistair's Intoxication  Tmut/Pois      6%         N/A       92%         5
 Borgnjor's Vile Clutch   Necr/Erth      5%         N/A       92%         5
 Excruciating Wounds      Necr           5%         N/A       92%         5
 Eringya's Noxious Bog    Tmut/Pois      5%         N/A       100%        6


Dungeon Overview and Level Annotations

Branches:
Dungeon (11/15)            Temple (1/1) D:5            Lair (0/6) D:11
    Orc (0/2) D:10

Altars:
Ashenzari
Cheibriados
Dithmenos
Elyvilon
Fedhas
Gozag
Hepliaklqana
Kikubaaqudgha
Makhleb
Nemelex Xobeh
Okawaru
Qazlal
Ru
Sif Muna
Trog
Uskayaw
Vehumet
Wu Jian
Xom
Yredelemnul
Zin
The Shining One


Innate Abilities, Weirdness & Mutations

You are immune to sickness and miasma.
Your stone body is resilient. (AC +8)
You are immune to poison.
You resist negative energy. (rN+)
You are resistant to electric shocks. (rElec)
You are resistant to unholy torment.
You are immune to petrification.


Message History

The boulder beetle is almost dead.
The boulder beetle curls into a ball and begins rolling!
The foxfire hits the boulder beetle.
The boulder beetle is almost dead.
Casting: Foxfire (safe; 1% risk of failure)
Confirm with . or Enter, or press ? or * to list all spells.
You feel a surge of power!
You conjure some foxfire!
The foxfire hits the boulder beetle but does no damage.
The boulder beetle is almost dead.
Unknown command.
Casting: Foxfire (safe; 1% risk of failure)
Confirm with . or Enter, or press ? or * to list all spells.
You don't know that spell.
Unknown command.
Casting: Foxfire (safe; 1% risk of failure)
Confirm with . or Enter, or press ? or * to list all spells.
You don't know that spell.
Unknown command.
Casting: Foxfire (safe; 1% risk of failure)
Confirm with . or Enter, or press ? or * to list all spells.
You don't know that spell.
Unknown command.
Casting: Foxfire (safe; 1% risk of failure)
Confirm with . or Enter, or press ? or * to list all spells.
Aiming: Searing Ray (safe; 1% risk of failure)
Press: ? - help, Shift-Dir - straight line, f/p - boulder beetle
Aim: a boulder beetle (almost dead, rolling, ally target, 100% to hit)
The searing ray hits the boulder beetle but does no damage.
The boulder beetle is almost dead. (Press . to maintain the ray.)
The foxfire hits the boulder beetle.
The boulder beetle is almost dead.
The foxfire hits the boulder beetle but does no damage.
The boulder beetle is almost dead.
Without enough magic to sustain it, your searing ray dissipates.
The foxfire hits the boulder beetle but does no damage.
The boulder beetle is almost dead.
The boulder beetle hits you!!!
Ouch! That really hurt!
You die...

>.......#...###########....#####.
........#...#.........#....#...#.
..P..####...#.........#....#.))'.
....#.......#.........#....'...#.
....#.......#.........#....#...#.
...##.......#.....#'###....#...#.
..###.......#######[.......#####.
..........(......................
...).........°○B@................
....##########.......>...........
. .. #...#####........... . #...#
#..........) #...# #...........
##### #..........# ############


You could see a boulder beetle (rolling).

Vanquished Creatures
  Erolcha (D:9)
  Harold (D:8)
  3 two-headed ogres
  Maurice (D:9)
  Joseph (D:9)
  A gargoyle (D:11)
  Maggie (D:8)
  Psyche (D:8)
  2 trolls
  A hornet (D:7)
  5 yaks
  A shadow (D:10)
  4 wraiths
  Eustachio (D:6)
  3 wargs (D:11)
  A black bear (D:4)
  An ogre (D:6)
  6 centaurs
  2 phantoms
  A bullfrog (D:7)
  5 scorpions
  2 kobold brigands
  Blork the orc (D:5)
  A wyvern zombie (D:5)
  A water moccasin skeleton (D:7)
  14 wights
  9 killer bees
  3 howler monkeys
  3 crimson imps (D:4)
  A centaur zombie (D:9)
  5 jellies
  7 orc priests
  A bullfrog skeleton (D:5)
  A centaur skeleton (D:4)
  2 hounds
  3 iguanas (D:4)
  Jessica (D:2)
  8 orc wizards
  2 killer bee zombies
  A hound skeleton (D:4)
  A howler monkey zombie (D:6)
  Robin (D:2)
  2 howler monkey skeletons
  11 adders
  A white imp (D:7)
  2 ufetubi (D:4)
  2 adder skeletons (D:4)
  3 worms
  2 dart slugs (D:1)
  28 orcs
  8 ball pythons
  3 bats
  6 endoplasms
  2 giant cockroaches
  13 goblins
  10 hobgoblins
  6 jackals
  13 kobolds
  5 quokkas
  5 rats
233 creatures vanquished.

Vanquished Creatures (collateral kills)
  2 foxfires (D:1)
2 creatures vanquished.

Vanquished Creatures (others)
  723 foxfires
  A plant (D:4)
724 creatures vanquished.

Grand Total: 959 creatures vanquished

Notes
Turn   | Place    | Note
-------+----------+-------------------------------------------
     0 | D:1      | funkygono the Gargoyle Fire Elementalist began the quest
                  | for the Orb.
     0 | D:1      | Reached XP level 1. HP: 10/10 MP: 3/3
   173 | D:1      | Reached XP level 2. HP: 15/15 MP: 1/5
   176 | D:1      | Learned a level 2 spell: Scorch
  1065 | D:2      | Reached XP level 3. HP: 19/19 MP: 3/6
  1154 | D:2      | Noticed Robin
  1311 | D:2      | Killed Robin
  1712 | D:2      | Reached XP level 4. HP: 24/24 MP: 4/7
  1894 | D:2      | Noticed Jessica
  1899 | D:2      | Killed Jessica
  1900 | D:2      | Reached skill level 4 in Fire Magic
  2766 | D:3      | Reached XP level 5. HP: 28/28 MP: 6/9
  2798 | D:3      | Learned a level 3 spell: Conjure Flame
  2817 | D:3      | Learned a level 4 spell: Flame Wave
  3704 | D:4      | Found a snail-covered altar of Cheibriados.
  3706 | D:4      | Found a sacrificial altar of Ru.
  3716 | D:4      | Reached XP level 6. HP: 32/32 MP: 8/11
  3870 | D:4      | Found a white marble altar of Elyvilon.
  3870 | D:4      | Found a glowing golden altar of the Shining One.
  4133 | D:4      | Reached skill level 5 in Fire Magic
  4434 | D:4      | Found a shimmering altar of Xom.
  4821 | D:4      | Noticed a black bear
  4839 | D:4      | Killed a black bear
  4840 | D:4      | Reached skill level 1 in Maces & Flails
  4840 | D:4      | Reached XP level 7. HP: 6/37 MP: 2/13
  6303 | D:5      | Entered Level 5 of the Dungeon
  6308 | D:5      | Reached skill level 1 in Fighting
  6779 | D:5      | Noticed Blork the orc
  6828 | D:5      | Killed Blork the orc
  6912 | D:5      | Reached XP level 8. HP: 30/43 MP: 6/15
  7039 | D:5      | Reached skill level 5 in Spellcasting
  7204 | D:5      | Found a staircase to the Ecumenical Temple.
  7210 | D:5      | Reached skill level 6 in Fire Magic
  7235 | Temple   | Entered the Ecumenical Temple
  8082 | D:5      | Found a hazy altar of Hepliaklqana.
  8082 | D:5      | Found an iron altar of Okawaru.
  8087 | D:5      | Found an ancient bone altar of Kikubaaqudgha.
  8089 | D:5      | Found a radiant altar of Vehumet.
  8093 | D:5      | Became a worshipper of Vehumet
  8696 | D:6      | Identified the +6 hand axe of Blood-Lust {pain, rElec rC+
                  | Will- Dex+5}
  8819 | D:6      | Noticed Eustachio
  8838 | D:6      | Killed Eustachio
  8839 | D:6      | Reached XP level 9. HP: 48/48 MP: 3/18
  8856 | D:6      | Reached skill level 7 in Fire Magic
  9350 | D:6      | Found a shadowy altar of Dithmenos.
  9739 | D:7      | Reached skill level 5 in Conjurations
  9919 | D:7      | Identified the +7 plate armour of Lomnef {Int+3}
 10083 | D:7      | Noticed a hornet
 10090 | D:7      | Killed a hornet
 10373 | D:8      | Reached * piety under Vehumet
 10373 | D:8      | Offered knowledge of Magic Dart by Vehumet.
 10376 | D:8      | Learned a level 1 spell: Magic Dart
 10537 | D:8      | Noticed Psyche
 10546 | D:8      | Killed Psyche
 10547 | D:8      | Reached skill level 8 in Fire Magic
 11125 | D:8      | Noticed Harold
 11140 | D:8      | Killed Harold
 11141 | D:8      | Reached skill level 9 in Fire Magic
 11141 | D:8      | Reached XP level 10. HP: 35/53 MP: 2/22
 11510 | D:8      | Noticed a two-headed ogre
 11515 | D:8      | Killed a two-headed ogre
 11516 | D:8      | Reached skill level 1 in Shields
 11684 | D:8      | Noticed Maggie
 11700 | D:8      | Killed Maggie
 11700 | D:8      | Offered knowledge of Searing Ray by Vehumet.
 11944 | D:8      | Learned a level 2 spell: Searing Ray
 12031 | D:9      | Noticed Erolcha
 12042 | D:9      | Killed Erolcha
 12152 | D:9      | Noticed Maurice
 12161 | D:9      | Killed Maurice
 12161 | D:9      | Reached ** piety under Vehumet
 12162 | D:9      | Reached skill level 10 in Fire Magic
 12536 | D:9      | Noticed Joseph
 12547 | D:9      | Killed Joseph
 12707 | D:9      | Reached XP level 11. HP: 57/57 MP: 19/24
 13166 | D:10     | Entered Level 10 of the Dungeon
 13432 | D:10     | Found a staircase to the Orcish Mines.
 13453 | D:10     | Noticed a two-headed ogre
 13461 | D:10     | Killed a two-headed ogre
 13462 | D:10     | Reached skill level 10 in Spellcasting
 13816 | D:10     | Noticed a two-headed ogre
 13820 | D:10     | Killed a two-headed ogre
 14252 | D:11     | Found a staircase to the Lair.
 14259 | D:11     | Reached skill level 11 in Fire Magic
 14340 | D:11     | Noticed a boulder beetle
 14344 | D:11     | Offered knowledge of Poisonous Vapours by Vehumet.
 14779 | D:11     | Reached skill level 1 in Armour
 15402 | D:11     | Annihilated by a boulder beetle

Illustrated notes

Levels and vault maps discovered:
D:1:      minmay_arrival_shattered_statue, layout_rooms,
          chequers_serial_rivers_micro_c, nicolae_figureground_sparkle
D:2:      layout_loops_ring, hangedman_decor_diamond_cutter, uniq_robin,
          uniq_jessica
D:3:      layout_basic
D:4:      nicolae_cairo_tiling, layout_gridville, grunt_temple_overflow_open,
          led_xom_imps, small_statue_intersection, corexii_shack,
          serial_park_tiny_pond, minmay_fractal_squares_diagonal_5
D:5:      layout_loops_cross, minitemple, minmay_temple_entry_overgrown,
          st_stairs_11, minmay_misc_feat_tower, uniq_blork_the_orc
D:6:      layout_cave_pools, marbit_many_paths, minivault_27, uniq_eustachio
D:7:      layout_rooms, wad_floor_pattern_untrapped
D:8:      layout_basic, grunt_ministairs_6, uniq_maggie, uniq_psyche,
          uniq_harold
D:9:      layout_cave_pods, uniq_maurice, uniq_joseph, uniq_erolcha
D:10:     layout_long_grid, orc_0_dummy, kennysheep_generic_room_10
D:11:     layout_irregular_city, erik_lair_orcish_takeover
Temple:   minmay_temple_bridge_abc

Skill      XL: |  1  2  3  4  5  6  7  8  9 10 11 |
---------------+----------------------------------+-----
Conjurations   | 2 3 4 6 7 |  7.4
Fire Magic     | 4 5 6 9 10 11 | 11.3
Spellcasting   | 3 4 6 8 9 10 | 10.8
Maces & Flails | 1 2 |  2.7
Dodging        | 2 3 |  3.4
Fighting       | 1 2 |  2.5
Shields        | 1 |  1.3
Armour         | 1 |  1.1
Stealth        | |  2.1

Action                   |  1- 3 |  4- 6 |  7- 9 | 10-12 || total
-------------------------+-------+-------+-------+-------++-------
Melee: Unarmed           |     1 |       |       |       ||     1
       Club              |     1 |       |       |       ||     1
       Whip              |    13 |    97 |    95 |    31 ||   236
       Mace              |     4 |       |   160 |       ||   164
       Punch             |       |       |     3 |     1 ||     4
       Flail             |       |       |       |    12 ||    12
 Cast: Foxfire           |    51 |    82 |   154 |   138 ||   425
       Scorch            |     5 |    23 |    71 |    47 ||   146
       Flame Wave        |       |       |     3 |    11 ||    14
       Searing Ray       |       |       |       |     5 ||     5
  Use: Scroll            |       |     4 |     4 |    10 ||    18
       Potion            |       |       |       |     2 ||     2
Armor: Robe              |    33 |    55 |   158 |    19 ||   265
       Leather armour    |       |       |       |    28 ||    28
Dodge: Dodged            |    56 |    66 |   242 |    55 ||   419
Block: Other             |       |       |    16 |    29 ||    45
       Reflection        |       |       |     1 |     2 ||     3

Table legend: (Time is in decaauts)
 A = Elapsed time spent in this place.
 B = Non-inter-level travel time spent in this place.
 C = Inter-level travel time spent in this place.
 D = Time resting spent in this place.
 E = Time spent auto-exploring this place.
 F = Levels seen in this place.
 G = Mean time per level.
                   A        B        C        D        E       F      G
               +--------+--------+--------+--------+--------+-----+--------+
         Total |  15471 |  15263 |    208 |   2826 |   9669 |  12 | 1289.2 |
       Dungeon |  15264 |  15056 |    208 |   2826 |   9502 |  11 | 1387.6 |
        Temple |    206 |    206 |      0 |      0 |    167 |   1 |  206.0 |
               +--------+--------+--------+--------+--------+-----+--------+

Top non-repeatable levels by time:
     D:4: 2789 daAuts
     D:3: 1647 daAuts
     D:8: 1643 daAuts
     D:1: 1501 daAuts
     D:5: 1395 daAuts
    D:10: 1267 daAuts
     D:6: 1256 daAuts
     D:9: 1187 daAuts
    D:11: 972 daAuts
     D:2: 916 daAuts
     D:7: 687 daAuts
  Temple: 206 daAuts
